 Dungeon Crawl Stone Soup version 0.28-a0-794-gafe8c5f9e9 (webtiles) character file.

Game seed: 10405917067555488013

2620 kae the Summoner (level 9, -2/40 (47) HPs)
             Began as a Vine Stalker Summoner on Nov 5, 2021.
             Slain by an orc warrior (4 damage)
             ... on level 7 of the Dungeon.
             The game lasted 00:11:20 (7113 turns).

kae the Summoner (Vine Stalker Summoner)            Turns: 7113, Time: 00:11:20

HP:   -2/40 (47)    AC:  4    Str: 12    XL:     9   Next: 60%
MP:   0/19          EV: 18    Int: 18    God:
Gold: 177           SH:  0    Dex: 14    Spells: 7/20 levels left

rFire   . . .      SeeInvis +   m - +0 spear (freeze)
rCold   . . .      Faith    .   (no shield)
rNeg    . . .      Spirit   +   a - +1 robe
rPois   .          Reflect  .   (no helmet)
rElec   .          Harm     .   h - +0 cloak
rCorr   .          Rampage  .   (no gloves)
Will    +....                   (no boots)
Stlth   ++........              (no amulet)
HPRegen 1.13/turn               j - ring of see invisible
MPRegen 0.16/turn               k - +4 ring of evasion

@: heavily drained
A: fangs 3, regeneration 1, magic shield, antimagic bite, no potion heal 2
a: no special abilities


You were on level 7 of the Dungeon.
You visited 1 branch of the dungeon, and saw 7 of its levels.

You collected 339 gold pieces.
You spent 162 gold pieces at shops.

Inventory:

Hand Weapons
 c - a +1 short sword
 m - a +0 spear of freezing (weapon)
Missiles
 l - 3 throwing nets
Armour
 a - a +1 robe (worn)
 h - a +0 cloak (worn)
Jewellery
 b - a ring of flight
 j - a ring of see invisible (left hand)
 k - a +4 ring of evasion (right hand)
 q - a ring of protection from cold
 v - a ring of poison resistance
 w - an amulet of the acrobat
Wands
 y - a wand of acid (12)
Scrolls
 e - 2 scrolls of noise
 i - 4 scrolls of enchant armour
 p - a scroll of fear
 r - 2 scrolls of magic mapping
 u - a scroll of identify
 z - a scroll of enchant weapon
Potions
 d - 2 potions of invisibility
 f - a potion of curing
 g - a potion of degeneration
 n - 2 potions of flight
 o - a potion of might
 s - a potion of attraction
 t - a potion of lignification {unknown}
 x - a potion of ambrosia
 A - 2 potions of magic


   Skills:
 + Level 5.0 Fighting
 + Level 4.9 Dodging
 - Level 2.4 Stealth
 + Level 6.1 Spellcasting
 * Level 9.1 Summonings


You had 7 spell levels left.
You knew the following spells:

 Your Spells              Type           Power      Damage    Failure   Level
a - Summon Small Mammal   Summ           100%       N/A       1%          1
b - Call Imp              Summ           38%        N/A       1%          2
c - Call Canine Familiar  Summ           38%        N/A       1%          3
d - Summon Guardian Gole  Hex/Summ       21%        N/A       5%          3
e - Summon Lightning Spi  Summ/Air       21%        N/A       19%         4

Your spell library contained the following spells:

 Spells                   Type           Power      Damage    Failure   Level
 Magic Dart               Conj           20%        1d4       12%         1
 Searing Ray              Conj           10%        2d4       19%         2
 Fulminant Prism          Conj/Hex       2%         3d6       75%         4


Dungeon Overview and Level Annotations

Branches:
Dungeon (7/15)             Temple (0/1) D:7

Altars:
Fedhas
Gozag
Hepliaklqana
Kikubaaqudgha
Trog
Vehumet
Wu Jian
Xom
Yredelemnul
Zin

Shops:
D:2 =   D:3 [([   D:4 ?

Annotations:
D:6 Harold


Innate Abilities, Weirdness & Mutations

You have razor-sharp teeth.
Your natural rate of healing is unusually fast.
When hurt, damage is shared between your health and your magic reserves.
Your bite disrupts and absorbs the magic of your enemies.
Potions cannot restore your health.


Message History

r - Retreat! s - Stop attacking. g - Guard the area. f - Follow me.
Anything else - Cancel.
Gang up on whom?
Press: ? - help, Dir - move target, f - orc, p - orc warrior
Aim: an orc, wielding a +0 dagger, wearing a +0 leather armour and quivering boomerangs (almost dead) Attack!
The orc warrior hits your lightning spire from afar with a +2 glaive of freezing!
The wight hits your lightning spire with a +1 great sword!
Your lightning spire is destroyed!
Your lightning spire disappears in a puff of smoke!
The orc hits your guardian golem but does no damage.
Casting: Summon Lightning Spire (quite dangerous; 19% risk of failure)
Confirm with . or Enter, or press ? or * to list all spells.
The spell is quite dangerous to cast (19% risk of failure)!
Continue anyway?
An electric hum fills the air.
The orc warrior shouts!
The orc warrior misses you. The wight misses you.
The orc hits your guardian golem but does no damage.
The orc warrior completely misses you. The wight misses you.
The orc hits your guardian golem but does no damage.
Your lightning spire cannot move out of your way!
The orc hits your guardian golem but does no damage.
Your lightning spire shoots out a bolt of lightning at the wight!
The bolt of electricity hits the wight!
The bolt of electricity hits the orc warrior.
You catch the helpless wight completely off-guard!
You hit the wight but do no damage. Your bite misses the wight.
The wight is almost destroyed.
The wight hits you with a +1 great sword!
You feel drained.
The orc hits your guardian golem with a +0 dagger.
Your lightning spire shoots out a bolt of lightning at the wight!
The bolt of electricity hits the wight!
The wight is destroyed!
The bolt of electricity hits the orc warrior.
The orc warrior hits you from afar with a +2 glaive of freezing!!
* * * LOW HITPOINT WARNING * * *
The orc warrior freezes you.
You die...

##### ##...## ####
##.._..####..#
#.......##...#####..
#.......##.#@#......
#.8...8.#...)..#
##.....###8#o###
##...##...#.#
#....#...##o#
##......#.##9###
#...####..##)..##
#.#..# #..)...oo#
#.##..##..###.#9#


You could see an orc warrior, an orc (ally target), a friendly guardian golem
(summoned) and a friendly lightning spire (summoned).

Vanquished Creatures
  A sky beast (D:6)
  A black bear (D:6)
  A kobold brigand (D:6)
  2 bullfrogs
  A scorpion (D:6)
  3 howler monkeys
  A crimson imp (D:3)
  A centaur zombie (D:6)
  A bullfrog zombie (D:6)
  A centaur skeleton (D:7)
  An orc priest (D:3)
  A jelly (D:6)
  A gnoll shaman (D:6)
  An iguana (D:6)
  An orc wizard (D:4)
  A killer bee zombie (D:5)
  2 hound skeletons
  6 gnolls
  2 adders
  An adder skeleton (D:5)
  A worm (D:2)
  2 dart slugs
  14 orcs
  3 ball pythons
  2 endoplasms
  4 giant cockroaches
  5 goblins
  4 hobgoblins
  4 quokkas
  4 bats
  A frilled lizard (D:2)
  8 kobolds
  2 rats
84 creatures vanquished.

Vanquished Creatures (collateral kills)
  Eustachio (D:6)
  An orc warrior (D:7)
  2 black bears
  An ogre (D:7)
  A phantom (D:4)
  A water moccasin zombie (D:7)
  A wight (D:7)
  2 howler monkeys
  3 crimson imps (D:3)
  2 hounds (D:6)
  3 orc priests
  An orc wizard (D:3)
  6 gnolls
  4 adders
  An ufetubus (D:3)
  A dart slug (D:3)
  10 orcs
  An endoplasm (D:3)
  3 hobgoblins
  2 jackals (D:2)
  A ball python (D:1)
  2 bats (D:3)
  5 goblins
  A rat (D:1)
56 creatures vanquished.

Vanquished Creatures (others)
  A steam dragon (D:6)
  An ice beast (D:6)
  An ogre (D:7)
  3 wights (D:7)
  A gnoll shaman (D:7)
  A jelly (D:4)
  A howler monkey skeleton (D:7)
  3 gnolls
  An orc (D:7)
13 creatures vanquished.

Grand Total: 153 creatures vanquished

Notes
Turn   | Place    | Note
-------+----------+-------------------------------------------
     0 | D:1      | kae the Vine Stalker Summoner began the quest for the Orb.
     0 | D:1      | Reached XP level 1. HP: 9/9 MP: 4/4
   366 | D:1      | Reached XP level 2. HP: 13/14 MP: 4/6
   412 | D:1      | Learned a level 2 spell: Call Imp
   700 | D:1      | Reached XP level 3. HP: 15/17 MP: 1/7
  1238 | D:2      | Reached skill level 1 in Fighting
  1292 | D:2      | Found Egyanavi's Jewellery Shop.
  1430 | D:2      | Gained mutation: Your natural rate of healing is unusually
                  | fast. [Vine Stalker growth]
  1430 | D:2      | Reached XP level 4. HP: 18/22 MP: 3/9
  1487 | D:2      | Learned a level 3 spell: Call Canine Familiar
  1908 | D:2      | Found a faded altar of an unknown god.
  2094 | D:3      | Reached skill level 5 in Summonings
  2164 | D:3      | Found a shimmering altar of Xom.
  2215 | D:3      | Reached XP level 5. HP: 18/26 MP: 1/10
  2361 | D:3      | Reached XP level 6. HP: 30/30 MP: 8/11
  2609 | D:3      | Found Liuteask's Antique Weapon Boutique.
  2614 | D:3      | Found Foufewun's Armour Emporium.
  2879 | D:3      | Found Omiwumai's Armour Shoppe.
  3168 | D:4      | Learned a level 3 spell: Summon Guardian Golem
  3388 | D:4      | Reached skill level 6 in Summonings
  3388 | D:4      | Reached XP level 7. HP: 35/35 MP: 7/13
  3528 | D:4      | Found an ancient bone altar of Kikubaaqudgha.
  3620 | D:4      | Found an ornate altar of the Wu Jian Council.
  3818 | D:4      | Found Wuteliod's Magic Scroll Emporium.
  3821 | D:4      | Bought a scroll of fear for 45 gold pieces
  3821 | D:4      | Bought a scroll of identify for 26 gold pieces
  3821 | D:4      | Bought a scroll of identify for 26 gold pieces
  3821 | D:4      | Bought a scroll of identify for 26 gold pieces
  3821 | D:4      | Bought a scroll of teleportation for 39 gold pieces
  3858 | D:4      | Found a glowing silver altar of Zin.
  4008 | D:5      | Entered Level 5 of the Dungeon
  4030 | D:5      | Found a radiant altar of Vehumet.
  4144 | D:5      | Found an opulent altar of Gozag.
  4144 | D:5      | Found a basalt altar of Yredelemnul.
  4145 | D:5      | Found a hazy altar of Hepliaklqana.
  4545 | D:5      | Found a blossoming altar of Fedhas.
  4838 | D:6      | Gained mutation: You have razor-sharp teeth. [Vine Stalker
                  | growth]
  4838 | D:6      | Reached XP level 8. HP: 17/40 MP: 5/15
  5020 | D:6      | Reached skill level 7 in Summonings
  5046 | D:6      | Noticed Eustachio
  5105 | D:6      | Killed Eustachio
  5252 | D:6      | Reached skill level 5 in Spellcasting
  5759 | D:7      | Learned a level 4 spell: Summon Lightning Spire
  5765 | D:7      | Noticed Harold
  5774 | D:7      | Found a staircase to the Ecumenical Temple.
  5779 | D:7      | Reached skill level 8 in Summonings
  5903 | D:7      | Reached XP level 9. HP: 36/45 MP: 13/18
  6770 | D:7      | Reached skill level 9 in Summonings
  6776 | D:7      | Reached skill level 5 in Fighting
  7013 | D:7      | Found a bloodstained altar of Trog.
  7113 | D:7      | HP: 2/40 [orc warrior (15)]
  7113 | D:7      | Slain by an orc warrior

Illustrated notes

Levels and vault maps discovered:
D:1:      mushboom_english_gardens, layout_rooms
D:2:      layout_basic, ebering_ecumenical_altar_webs, serial_shops,
          nicolae_square_shop, st_stairs_14
D:3:      layout_loops_corners, led_xom_imps, serial_shops, nicolae_shop_stone,
          shop, nicolae_shop_window_shopping
D:4:      layout_rooms, nzn_wu_jian_contemplation, kiku_gazebo_garden_becter,
          zin_scriptorium, serial_forest, infiniplex_forest_lined_1,
          infiniplex_forest_lined_room_, infiniplex_forest_lined_room_3,
          infiniplex_forest_lined_corner, infiniplex_forest_lined_room_3,
          infiniplex_forest_lined_corner, infiniplex_forest_clump_double,
          serial_shops, nicolae_shop_behind_doors, glass_columns_b
D:5:      layout_basic, mainiacjoe_overflow_concentric_impassable,
          nicolae_vehumet_radiance, minitemple
D:6:      layout_rooms, serial_corexii_hall, chequers_hall_statues_y,
          chequers_hall_statues_wall_a, uniq_eustachio
D:7:      layout_rooms, trog_antimagical, minmay_temple_entry_statues_pillars,
          uniq_harold

Skill      XL: |  1  2  3  4  5  6  7  8  9 |
---------------+----------------------------+-----
Fighting       | 1 2 3 4 5 |  5.0
Dodging        | 2 3 4 |  4.9
Summonings     | 5 6 8 9 |  9.1
Spellcasting   | 3 4 5 6 |  6.1
Stealth        | |  2.4

Action                   |  1- 3 |  4- 6 |  7- 9 || total
-------------------------+-------+-------+-------++-------
Melee: Unarmed           |     9 |       |     3 ||    12
       Bite              |    18 |    34 |    54 ||   106
       Short sword       |    67 |   191 |    37 ||   295
       Spear             |       |       |   210 ||   210
 Cast: Summon Small Mamm |    14 |     3 |    15 ||    32
       Call Imp          |     8 |    13 |    14 ||    35
       Call Canine Famil |       |    11 |    24 ||    35
       Summon Guardian G |       |       |    22 ||    22
       Summon Lightning  |       |       |     2 ||     2
  Use: Scroll            |     4 |     3 |     9 ||    16
 Stab: Sleeping          |     1 |     3 |     1 ||     5
       Distracted        |       |     2 |     3 ||     5
Armor: Robe              |    16 |    37 |    58 ||   111
Dodge: Dodged            |    57 |   185 |   333 ||   575

Table legend: (Time is in decaauts)
 A = Elapsed time spent in this place.
 B = Non-inter-level travel time spent in this place.
 C = Inter-level travel time spent in this place.
 D = Time resting spent in this place.
 E = Time spent auto-exploring this place.
 F = Levels seen in this place.
 G = Mean time per level.
                   A        B        C        D        E       F      G
               +--------+--------+--------+--------+--------+-----+--------+
         Total |   7172 |   6850 |    322 |   1046 |   4094 |   7 | 1024.6 |
       Dungeon |   7172 |   6850 |    322 |   1046 |   4094 |   7 | 1024.6 |
               +--------+--------+--------+--------+--------+-----+--------+

Top non-repeatable levels by time:
     D:6: 1601 daAuts
     D:3: 1156 daAuts
     D:2: 1129 daAuts
     D:1: 900 daAuts
     D:5: 879 daAuts
     D:4: 850 daAuts
     D:7: 655 daAuts
